Map: 2000 Atmospheres LE

Players

Clem - Winner!

  • Race: Terran Terran

Zoun

  • Race: Protoss Protoss

Event: IEM Katowice 2022

VOD

Have the link to the VOD?

Description

Time

  • Played on: Feb. 25, 2022, 2:58 p.m.
  • Length: 13:07

All games in this series

Show
View Real Time Build Order
Export as new Build Order

Clem Terran - Winner!

Build Orders:  

Get SALT Encoding   

  12  0:00  SCV  
  13  0:12  SCV  
  14  0:16  Supply Depot  
  14  0:24  SCV  
  15  0:38  SCV  
  15  0:39  Barracks  
  16  0:43  Refinery  
  16  0:50  SCV  
  17  1:02  SCV  
  18  1:14  SCV  
  19  1:27  Orbital Command, Marine  
  20  1:40  Command Center  
  20  1:45  Marine  
  21  1:53  SCV  
  22  2:00  Supply Depot  
  22  2:03  Marine  
  23  2:10  Factory  
  23  2:15  Bunker  
  23  2:22  SCV, Barracks Tech Lab  
  24  2:34  SCV  
  25  2:41  Marauder, Concussive Shells  
  27  2:46  SCV  
  28  2:52  Orbital Command  
  28  2:56  Hellion  
  28  2:58  SCV  
  31  3:03  Marauder  
  33  3:10  SCV  
  34  3:17  Hellion  
  34  3:18  SCV  
  37  3:22  SCV  
  36  3:27  Marauder  
  36  3:30  SCV  
  36  3:34  SCV  
  36  3:38  Supply Depot  
  37  3:43  SCV  
  37  3:45  Starport  
  37  3:46  SCV  
  38  3:55  SCV  
  39  3:58  SCV  
  39  4:02  Marine  
  41  4:05  Supply Depot  
  41  4:06  Refinery  
  41  4:07  SCV  
  41  4:08  Siege Tank  
  41  4:09  Barracks  
  45  4:10  SCV  
  46  4:19  SCV, Marine  
  46  4:20  Engineering Bay  
  46  4:23  SCV  
  48  4:26  Supply Depot  
  49  4:31  SCV  
  49  4:35  SCV  
  49  4:37  Marine  
  51  4:39  Barracks  
  51  4:41  Refinery  
  51  4:43  SCV  
  52  4:47  Missile Turret, SCV  
  52  4:51  Siege Tank  
  56  4:55  SCV, Marine  
  56  4:56  Marine  
  56  4:59  SCV  
  60  5:00  Supply Depot  
  60  5:06  Missile Turret  
  60  5:07  SCV  
  60  5:11  SCV  
  60  5:13  Supply Depot  
  63  5:14  Barracks Tech Lab  
  63  5:17  Starport Reactor  
  63  5:19  SCV  
  61  5:23  SCV  
  61  5:25  Refinery  
  61  5:26  Barracks Tech Lab  
  61  5:27  Barracks Reactor  
  61  5:28  Stimpack  
  62  5:29  Marauder  
  62  5:33  Factory Reactor  
  62  5:34  Marauder  
  62  5:35  Supply Depot, SCV  
  68  5:40  Combat Shield  
  67  5:45  Command Center  
  67  5:49  SCV  
  68  5:51  Supply Depot, SCV  
  68  5:53  Marauder  
  68  5:56  Marauder  
  73  6:03  SCV x2, Marine  
  73  6:04  Marine  
  77  6:05  Terran Infantry Weapons Level 1  
  77  6:06  Supply Depot  
  77  6:11  Medivac  
  79  6:12  Barracks  
  81  6:19  Barracks  
  81  6:21  Marine  
  81  6:22  Marauder  
  84  6:27  Medivac  
  84  6:29  Marine x2  
  84  6:30  Widow Mine x2, Supply Depot  
  90  6:35  Supply Depot  
  90  6:36  SCV x2  
  92  6:40  Supply Depot  
  92  6:46  Marauder x2, Marine x2  
  97  6:51  Widow Mine, Medivac  
  97  6:52  Widow Mine  
  97  6:54  SCV x2  
  103  6:59  Orbital Command  
  101  7:03  Barracks Reactor  
  101  7:04  Barracks Tech Lab  
  101  7:05  Medivac  
  101  7:06  SCV  
  101  7:07  Marauder  
  106  7:09  Marine  
  106  7:11  Supply Depot  
  106  7:12  SCV, Barracks Reactor  
  108  7:17  Widow Mine x2  
  108  7:22  Orbital Command  
  112  7:23  Viking  
  112  7:25  SCV  
  112  7:26  SCV  
  112  7:28  Marine  
  117  7:33  Marine, Marauder  
  117  7:35  Marine  
  123  7:37  Marauder  
  123  7:39  SCV x2  
  124  7:48  Marine  
  124  7:49  Widow Mine  
  124  7:50  Medivac  
  125  7:52  SCV  
  125  7:54  Marauder, Medivac  
  125  7:55  Marauder, Marine  
  125  7:56  Marine x2  
  135  8:01  Supply Depot  
  135  8:02  SCV, Terran Infantry Armor Level 1  
  135  8:05  SCV x2  
  137  8:08  Marine  
  137  8:09  Marauder  
  141  8:13  Supply Depot  
  141  8:14  SCV, Marine x3  
  141  8:15  Widow Mine  
  141  8:17  SCV  
  141  8:19  Marauder  
  150  8:21  Marauder  
  152  8:27  Armory  
  152  8:30  SCV, Marauder  
  152  8:32  Engineering Bay  
  154  8:35  Widow Mine  
  154  8:37  Widow Mine, Marine x4  
  154  8:41  Marauder  
  164  8:42  Marauder  
  164  8:46  Supply Depot  
  166  8:48  SCV x3  
  166  8:51  Refinery x2  
  166  8:54  Marine  
  166  8:55  Marine  
  165  8:57  Widow Mine, Marine  
  165  8:58  Marine  
  165  8:59  Marine  
  165  9:02  Marauder  
  161  9:04  Viking x2  
  161  9:07  Marine  
  161  9:09  Supply Depot  
  166  9:13  Marauder  
  166  9:16  Marine  
  164  9:18  Widow Mine, Marine  
  164  9:23  Marauder, Terran Infantry Weapons Level 2  
  169  9:25  Marine  
  169  9:26  Marine, Marauder  
  169  9:29  Widow Mine  
  174  9:34  Marauder, Marine  
  176  9:38  Command Center  
  176  9:40  Viking  
  176  9:45  Marine  
  179  9:46  Ghost Academy  
  179  9:48  Marine  
  179  9:49  Marine  
  173  9:53  Marine x2  
  173  9:55  Widow Mine x2, Marine  
  173  9:56  Terran Infantry Armor Level 2  
  173  10:02  Marine  
  173  10:03  Marine  
  173  10:06  Marine  
  169  10:08  Terran Ship Weapons Level 1  
  169  10:11  Marauder  
  169  10:13  Marauder  
  168  10:16  Marine x2  
  168  10:19  Medivac x2  
  174  10:25  Starport  
  174  10:26  Barracks  
  174  10:28  Barracks  
  174  10:30  Barracks  
  174  10:32  Ghost  
  176  10:36  Marauder  
  176  10:38  Ghost  
  176  10:39  Marine  
  176  10:40  Marine  
  181  10:43  SCV x2  
  181  10:47  SCV  
  177  10:50  Marine  
  177  10:54  Marine  
  177  10:55  SCV x2  
  181  10:57  Marine  
  181  11:00  Ghost  
  181  11:03  Refinery  
  184  11:07  Ghost  
  182  11:12  Refinery  
  182  11:14  Ghost, Barracks Tech Lab x2  
  182  11:18  Barracks Tech Lab  
  180  11:20  Viking  
  180  11:21  Viking  
  180  11:22  Medivac  
  180  11:24  Medivac  
  172  11:29  Ghost  
  174  11:34  Planetary Fortress  
  174  11:35  SCV x2, Ghost  
  174  11:37  SCV  
  174  11:39  Ghost  
  179  11:44  Ghost  
  179  11:47  SCV x2  
  182  11:49  Marine x4  
  182  11:52  Missile Turret  
  187  12:03  Marauder  
  189  12:10  Viking x2  
  189  12:11  Viking  
  195  12:19  Fusion Core  
  195  12:21  Marine x2  
  195  12:24  Marine  
  195  12:26  Marine  
  197  12:34  Marauder  
  197  12:36  Marauder x2  
  194  12:42  Marine x2  
  174  12:44  Marine x3  
Show
View Real Time Build Order
Export as new Build Order

Zoun Protoss 

Build Orders: Blink Stalkers 

Get SALT Encoding   

  12  0:00  Probe  
  13  0:12  Probe  
  14  0:17  Pylon  
  14  0:24  Probe (Chrono Boost)  
  15  0:36  Probe (Chrono Boost)  
  15  0:38  Gateway  
  16  0:44  Probe (Chrono Boost)  
  16  0:48  Assimilator  
  17  0:50  Probe  
  18  1:00  Pylon  
  18  1:03  Probe  
  19  1:15  Probe  
  19  1:18  Gateway  
  20  1:25  Cybernetics Core  
  20  1:51  Nexus  
  19  1:55  Probe  
  20  2:04  Stalker (Chrono Boost)  
  22  2:09  Adept (Chrono Boost)  
  22  2:13  Probe  
  25  2:17  Warp Gate  
  25  2:25  Adept  
  25  2:29  Adept  
  29  2:35  Probe  
  30  2:40  Pylon  
  30  2:48  Probe  
  30  2:49  Assimilator  
  31  3:00  Probe  
  32  3:06  Probe  
  32  3:09  Twilight Council  
  33  3:13  Probe  
  33  3:18  Probe  
  35  3:25  Probe (Chrono Boost)  
  36  3:30  Probe (Chrono Boost)  
  35  3:37  Probe (Chrono Boost)  
  35  3:40  Blink (Chrono Boost)  
  35  3:42  Probe (Chrono Boost)  
  35  3:44  Probe (Chrono Boost)  
  35  3:47  Probe (Chrono Boost)  
  37  4:00  Nexus, Probe x2  
  39  4:11  Stalker x2  
  39  4:13  Probe  
  44  4:18  Probe  
  45  4:25  Probe  
  45  4:30  Probe  
  47  4:34  Stalker x2, Robotics Facility  
  47  4:37  Probe  
  52  4:42  Pylon, Shield Battery, Probe  
  53  4:49  Probe  
  54  4:55  Assimilator  
  54  5:00  Forge, Probe  
  54  5:02  Stalker x2  
  54  5:04  Probe  
  60  5:15  Probe x2 (Chrono Boost)  
  60  5:19  Probe (Chrono Boost)  
  62  5:21  Charge (Chrono Boost)  
  62  5:22  Observer  
  62  5:27  Probe x2 (Chrono Boost)  
  66  5:28  Protoss Ground Weapons Level 1 (Chrono Boost)  
  66  5:29  Pylon  
  66  5:33  Probe x3 (Chrono Boost)  
  68  5:40  Probe  
  68  5:41  Gateway x2, Probe  
  70  5:43  Probe  
  71  5:52  Probe  
  71  5:53  Gateway, Probe  
  71  5:54  Gateway  
  71  5:55  Probe  
  71  5:56  Sentry  
  76  6:01  Gateway  
  76  6:02  Gateway  
  76  6:04  Gateway  
  76  6:11  Immortal (Chrono Boost)  
  76  6:16  Zealot  
  76  6:17  Pylon  
  82  6:20  Shield Battery  
  82  6:21  Pylon, Observer  
  82  6:24  Observer  
  82  6:27  Pylon  
  82  6:29  Pylon  
  82  6:33  Gateway  
  82  6:39  Pylon  
  82  6:40  Sentry  
  82  6:44  Immortal (Chrono Boost)  
  88  6:52  Robotics Bay  
  88  6:55  Observer  
  88  7:02  Zealot x7  
  88  7:07  Pylon  
  102  7:11  Immortal (Chrono Boost)  
  102  7:14  Probe x3  
  102  7:15  Assimilator  
  109  7:21  Zealot  
  109  7:22  Zealot x3  
  117  7:31  Probe x3  
  117  7:32  Assimilator  
  117  7:34  Zealot x2  
  117  7:35  Assimilator  
  117  7:36  Pylon  
  124  7:38  Pylon  
  124  7:40  Observer  
  122  7:47  Stalker x2, Probe x2 (Chrono Boost)  
  122  7:48  Stalker  
  122  7:49  Observer  
  122  7:53  Colossus (Chrono Boost)  
  122  7:54  Observer  
  122  7:55  Extended Thermal Lance  
  122  7:57  Probe (Chrono Boost)  
  129  7:59  Probe x2 (Chrono Boost)  
  132  8:06  Probe (Chrono Boost)  
  132  8:10  Probe x2 (Chrono Boost)  
  132  8:11  Probe (Chrono Boost)  
  135  8:21  Probe x2  
  135  8:23  Probe  
  135  8:26  Zealot x3  
  135  8:27  Zealot x2  
  141  8:33  Photon Cannon  
  137  8:39  Stalker  
  137  8:40  Sentry  
  141  8:48  Pylon x2  
  141  9:02  Colossus (Chrono Boost)  
  131  9:03  Pylon  
  131  9:04  Pylon  
  131  9:06  Zealot  
  131  9:07  Zealot x6  
  146  9:11  Zealot x2  
  145  9:17  Probe x2  
  144  9:27  Nexus  
  134  9:39  Zealot x5  
  134  9:42  Probe  
  145  9:48  Probe  
  145  9:49  Probe  
  138  9:53  Colossus (Chrono Boost)  
  138  9:54  Probe  
  141  10:02  Probe  
  141  10:03  Probe  
  141  10:06  Probe  
  130  10:09  Stalker x2  
  130  10:17  Photon Cannon  
  128  10:21  Probe  
  128  10:22  Probe  
  128  10:23  Pylon  
  128  10:29  Zealot  
  128  10:30  Probe  
  128  10:34  Probe x2  
  133  10:38  Observer (Chrono Boost)  
  133  10:41  Stalker x2  
  138  10:42  Probe  
  138  10:46  Probe x2  
  138  10:49  Disruptor (Chrono Boost)  
  126  10:55  Robotics Facility, Probe  
  126  10:58  Probe x2  
  126  10:59  Assimilator  
  126  11:07  Probe  
  126  11:08  Stalker x3  
  133  11:17  Disruptor (Chrono Boost)  
  129  11:27  Zealot  
  131  11:34  Photon Cannon  
  131  11:44  Disruptor (Chrono Boost)  
  131  11:46  Zealot  
  134  11:48  Disruptor (Chrono Boost)  
  134  11:52  Observer  
  134  11:53  Templar Archives, Nexus  
  137  11:55  Pylon  
  135  12:10  Stalker, Disruptor (Chrono Boost)  
  135  12:11  Stalker  
  135  12:12  Observer (Chrono Boost)  
  141  12:22  Probe x2  
  143  12:28  Zealot x3  
  143  12:29  Zealot x4  
  148  12:39  Zealot x2  
  111  12:52  Stalker x4  
  102  13:01  Zealot x3  

Tags
 
Add a new tag
Caveats
  • Supply blocks, unpowered buildings, or Contaminate may cause inaccurate times.
  • Supply counts are checked every 10 seconds.